 Dungeon Crawl Stone Soup version 0.31-a0-851-g7ff8af7976 (webtiles) character file.

Game seed: 8900642226721918409

98 IdlyInterested the Grave Robber (level 4, -2/12 (32) HPs)
             Began as a Demonspawn Wanderer on Oct 5, 2023.
             Slain by an orc wizard
             ... wielding a +2 dagger of draining
              (5 damage)
             ... on level 3 of the Dungeon.
             The game lasted 00:05:04 (2073 turns).

IdlyInterested the Grave Robber (DsWn)              Turns: 2073, Time: 00:05:04

HP:   -2/12 (32)    AC:  6    Str: 12    XL:     4   Next: 44%
MP:   5/5           EV:  9    Int: 15    God:
Gold: 50            SH:  5    Dex: 13    Spells: 5/5 levels left

rFire   . .          .
                       - Unarmed
rCold   . . .        (no shield)
rNeg    . . .        b - +0 scale mail
rPois   .            (no helmet)
rElec   .            (no cloak)
rCorr   .            (no gloves)
SInv    .            (no boots)
Will    .....        s - amulet of reflection Stlth
                     (no ring)
HPRegen 0.22/turn    (no ring)
MPRegen 0.09/turn

%: reflection
@: extremely drained
A: claws 1, hooves 1, weakness stinger 1
a: no special abilities


You were on level 3 of the Dungeon.
You visited 1 branch of the dungeon, and saw 3 of its levels.

You collected 152 gold pieces.
You spent 102 gold pieces at shops.

Inventory:

Hand Weapons
 a - a +0 short sword
 m - a +0 dagger
 v - a +0 whip of freezing
Missiles
 h - 5 javelins
 k - 11 stones (quivered)
 w - a boomerang
Armour
 b - a +0 scale mail (worn)
 p - a +0 ring mail
Jewellery
 s - an amulet of reflection (around neck)
Talismans
 e - a flux talisman
Scrolls
 g - a scroll of noise {unknown}
 l - a scroll of fear {unknown}
 o - 3 scrolls of fog {unknown}
 q - a scroll of identify {unknown}
 t - a scroll of butterflies {unknown}
 u - a scroll of teleportation {unknown}
Potions
 c - 2 potions of invisibility
 d - a potion of mutation {unknown}
 f - a potion of cancellation {unknown}
 i - 2 potions of enlightenment {unknown}
 j - 3 potions of degeneration {unknown}
 n - 2 potions of heal wounds {unknown}
 r - 2 potions of haste {unknown}


   Skills:
 - Level 1.6 Fighting
 - Level 1.7 Short Blades
 - Level 3.0 Armour
 - Level 1.0 Dodging
 * Level 3.0 Unarmed Combat
 - Level 1.0 Spellcasting
 - Level 3.2 Necromancy


You had 5 spell levels left.
You didn't know any spells.
Your spell library contained the following spells:

 Spells                   Type           Power      Damage    Failure   Level
 Necrotise                Necr           40%        1d6       32%         1
 Kiss of Death            Conj/Necr      20%        2d7       54%         1
 Cigotuvi's Dreadful Rot  Necr/Pois/Air  8%         N/A       75%         2
 Summon Small Mammal      Summ           0%         N/A       77%         1
 Call Canine Familiar     Summ           0%         N/A       98%         3
 Summon Guardian Golem    Hex/Summ       0%         N/A       98%         3


Dungeon Overview and Level Annotations

Branches:
Dungeon (3/15)

Altars:

Shops:
D:1 *


Innate Abilities, Weirdness & Mutations

You have sharp fingernails.
You have large cloven feet.
You have a small tail.


Message History

A puff of flame appears from out of thin air!
The puff of flame hits something.
Something hits you but does no damage.
You feel drained.
A puff of flame appears from out of thin air!
The puff of flame hits something.
You bump into the rock wall.
Something hits you.
You feel drained.
You completely miss something.
Your tail-slap misses something.
Something hits you.
You feel drained.
You bump into the rock wall.
You feel less confused.
You hear some strange, mumbled words.
A puff of flame appears from out of thin air!
The puff of flame misses you.
You barely miss something. You kick something. Something hits you.
You feel drained. You block something's attack.
You barely miss something. Your kick misses something.
Your tail-slap misses something.
Something hits you.
You feel drained.
You miss something. Something hits you but does no damage.
You block something's attack.
You closely miss something. You tail-slap something.
You hear some strange, mumbled words.
A magic dart appears from out of thin air!
The magic dart hits you.
You closely miss something. Your kick misses something.
You hear some strange, mumbled words.
Something tries to affect you, but you resist.
Something hits you but does no damage.
You closely miss something. Your kick misses something.
Your tail-slap misses something.
Something hits you.
You feel drained. Something hits you but does no damage.
You scratch something. You claw something.
Something hits you but does no damage.
You feel drained. Something hits you but does no damage.
You closely miss something. Your kick misses something.
Your tail-slap misses something.
Something hits you.
You feel drained. Something hits you.
* * * LOW HITPOINT WARNING * * *
You scratch something but do no damage. Your kick misses something.
Something hits you.
You die...

.. ..............#
.#.#..#...#.###.##
....<.....#.# #.#
........#.#.# #.#
##........#.# #.#
#....#.#.#.# #.#
#.#........# #.#
#.####.#.#####{##
#........)...o{@#
...###.#.########
#.#.# # #.# #o#
#o# #o# #.


You could see an orc.

Vanquished Creatures
  An orc wizard (D:3)
  An adder (D:2)
  2 dart slugs (D:2)
  3 orcs (D:3)
  5 ball pythons
  5 endoplasms
  A giant cockroach (D:1)
  7 goblins
  2 hobgoblins (D:2)
  A quokka (D:1)
  4 bats
  3 kobolds
  2 rats (D:2)
37 creatures vanquished.

Vanquished Creatures (others)
  An orc wizard (D:3)
1 creature vanquished.

Grand Total: 38 creatures vanquished

Notes
Turn   | Place    | Note
-------+----------+-------------------------------------------
     0 | D:1      | IdlyInterested the Demonspawn Wanderer began the quest for
                  | the Orb.
     0 | D:1      | IdlyInterested set off with the following items: a +0 short
                  | sword, a +0 scale mail, a potion of invisibility; and the
                  | following spells available to memorise: Necrotise, Kiss of
                  | Death, Cigotuvi's Dreadful Rot.
     0 | D:1      | Reached XP level 1. HP: 15/15 MP: 2/2
   284 | D:1      | Found Qoep's Assorted Antiques.
   406 | D:1      | Found a faded altar of an unknown god.
   416 | D:1      | Discovered your monstrous ancestry.
   416 | D:1      | Gained mutation: You have sharp fingernails. [demonic
                  | ancestry]
   416 | D:1      | Reached XP level 2. HP: 21/21 MP: 3/3
   913 | D:1      | Bought a glowing white potion for 24 gold pieces
   913 | D:1      | Bought a fizzy clear potion for 24 gold pieces
   913 | D:1      | Bought a scroll labelled XYUKEUGGIB for 27 gold pieces
  1139 | D:2      | Reached skill level 1 in Unarmed Combat
  1225 | D:2      | Gained mutation: You have a small tail. [demonic ancestry]
  1225 | D:2      | Reached XP level 3. HP: 26/26 MP: 4/4
  1376 | D:2      | Reached skill level 1 in Dodging
  1901 | D:1      | Bought a scroll labelled XYUKEUGGIB for 27 gold pieces
  2043 | D:3      | Gained mutation: You have large cloven feet. [demonic
                  | ancestry]
  2043 | D:3      | Reached XP level 4. HP: 30/32 MP: 5/5
  2073 | D:3      | Slain by an orc wizard

Illustrated notes

Levels and vault maps discovered:
D:1:      dpeg_arrival_yet_another_circle, layout_basic, serial_shops,
          nicolae_shop_temple_entry_statues_fountains,
          shapermc_ecumenical_altar_acropolis
D:2:      layout_basic
D:3:      layout_basic, grunt_decor_fettered, kennysheep_generic_room_10

Skill      XL: |  1  2  3  4 |
---------------+-------------+-----
Armour         | 3 |  3.0
Unarmed Combat | 1 2 3 |  3.0
Dodging        | 1 |  1.0
Fighting       | |  1.6
Short Blades   | |  1.7
Spellcasting   | |  1.0
Necromancy     | |  3.2

Action                     |  1- 3 |  4- 6 || total
---------------------------+-------+-------++-------
  Melee: Short sword       |   103 |       ||   103
         Punch             |     3 |     1 ||     4
         Unarmed           |    48 |    19 ||    67
         Tailslap          |     3 |     1 ||     4
         Kick              |       |     3 ||     3
  Throw: Stone             |     1 |       ||     1
 Armour: Scale mail        |    88 |    22 ||   110
  Dodge: Dodged            |    63 |     2 ||    65
  Block: Other             |    11 |     2 ||    13

Table legend: (Time is in decaauts)
 A = Elapsed time spent in this place.
 B = Non-inter-level travel time spent in this place.
 C = Inter-level travel time spent in this place.
 D = Time resting spent in this place.
 E = Time spent auto-exploring this place.
 F = Levels seen in this place.
 G = Mean time per level.
                   A        B        C        D        E       F      G
               +--------+--------+--------+--------+--------+-----+--------+
         Total |   2066 |   1724 |    342 |    114 |   1123 |   3 |  688.7 |
       Dungeon |   2066 |   1724 |    342 |    114 |   1123 |   3 |  688.7 |
               +--------+--------+--------+--------+--------+-----+--------+

Top non-repeatable levels by time:
     D:1: 1107 daAuts
     D:2: 806 daAuts
     D:3: 151 daAuts
